 Dungeon Crawl Stone Soup version 0.30.0-5-g1a98f26d00 (webtiles) character file.

Game seed: 13715460346812030355

193 Adrian566 the Chopper (level 5, -6/47 HPs)
             Began as a Hill Orc Fighter on May 11, 2023.
             Killed from afar by an oklob plant (28 damage)
             ... with a splash of acid
             ... on level 3 of the Dungeon.
             The game lasted 00:01:55 (2509 turns).

Adrian566 the Chopper (Hill Orc Fighter)            Turns: 2509, Time: 00:01:57

Health: -6/47      AC:  5    Str: 27    XL:     5   Next: 72%
Magic:  5/5        EV:  7    Int:  8    God:
Gold:   101        SH:  4    Dex: 10    Spells: 4/4 levels left

rFire   . . .        a - +0 war axe
rCold   . . .        c - +0 buckler
rNeg    . . .        m - +0 plate armour
rPois   .            (no helmet)
rElec   .            j - +0 cloak
rCorr   .            (no gloves)
SInv    .            (no boots)
Will    .....        (no amulet) Stlth
                     e - +6 ring of strength
HPRegen 0.27/turn    (no ring)
MPRegen 0.09/turn

%: no passive effects
@: corroded
A: no striking features
a: no special abilities


You were on level 3 of the Dungeon.
You visited 1 branch of the dungeon, and saw 3 of its levels.

You collected 101 gold pieces.

Inventory:

Hand Weapons
 a - a +0 war axe (weapon)
Armour
 c - a +0 buckler (worn)
 j - a +0 cloak (worn)
 m - a +0 plate armour (worn)
Jewellery
 e - a +6 ring of strength (left hand)
Scrolls
 b - 2 scrolls of teleportation {unknown}
 f - 5 scrolls of identify {unknown}
 g - a scroll of fear {unknown}
 l - 2 scrolls of amnesia {unknown}
 n - 2 scrolls of noise {unknown}
 o - a scroll of vulnerability {unknown}
 q - a scroll of enchant weapon {unknown}
Potions
 h - a potion of berserk rage {unknown}
 i - a potion of brilliance {unknown}
 k - 3 potions of curing {unknown}
 p - 2 potions of haste {unknown}


   Skills:
 + Level 4.5 Fighting
 + Level 5.4 Axes
 + Level 4.3 Armour
 + Level 0.4 Dodging
 + Level 0.1 Stealth
 + Level 3.7 Shields


You had 4 spell levels left.
You didn't know any spells.
Your spell library contained the following spells:

 Spells                   Type           Power      Damage    Failure   Level
 Sting                    Tmut/Pois      0%         1d3       100%        1
 Poisonous Vapours        Pois/Air       0%         N/A       100%        2
 Sublimation of Blood     Necr           0%         N/A       100%        2
 Wereblood                Tmut           0%         N/A       100%        2
 Call Canine Familiar     Summ           0%         N/A       100%        3
 Portal Projectile        Hex/Tloc       0%         N/A       100%        3
 Leda's Liquefaction      Hex/Erth       0%         N/A       100%        4
 Olgreb's Toxic Radiance  Pois           0%         N/A       100%        4
 Summon Hydra             Summ           0%         N/A       100%        7


Dungeon Overview and Level Annotations

Branches:
Dungeon (3/15)

Altars:
Fedhas
Okawaru
Vehumet

Annotations:
D:3 exclusion: oklob plant


Message History

Moving in this stuff is going to be slow.
Partly explored, can't reach some places.
Partly explored, can't reach some places.
Why would you want to do that? Why would you want to do that?
Really walk into a travel-excluded area?
You slash the plant!
The plant begins to die.
The plant is lightly damaged.
You hit the plant.
The plant begins to die.
You slash the plant!
The plant begins to die.
You hit the plant.
The plant is lightly damaged.
You hit the plant.
A nearby plant withers and dies. x2
You hit the plant but do no damage.
A nearby plant withers and dies.
You hit the plant.
The plant begins to die.
The plant is lightly damaged.
You completely miss the plant.
The plant is lightly damaged.
You slash the plant!
The plant is lightly damaged.
A nearby plant withers and dies.
The oklob plant spits acid at you. The splash of acid hits you!
The acid corrodes you!
You hit the oklob plant but do no damage.
You slash the plant!
The plant begins to die.
You hit the fungus but do no damage. You hit the plant.
The plant begins to die.
You hit the oklob plant but do no damage.
You hit the fungus.
The fungus begins to die.
You slash the plant! x2
The oklob plant spits acid at you. The splash of acid hits you!
The acid corrodes you!
You hit the oklob plant.
The oklob plant is lightly damaged.
You hit the fungus. You hit the plant. You hit the plant but do no damage.
A nearby plant withers and dies.
The oklob plant spits acid at you. The splash of acid hits you!!
Ouch! That really hurt!
You die...

#.~≈≈~...≈~~~...PP#
..~≈≈~._.......#PP#
#.~≈≈≈...≈~~~..P.P#
P.~~≈≈≈~~≈≈~~..PP♣#
#..~≈≈≈≈~≈≈≈..♣#PP#
PP..~~≈≈≈≈~..♣.PP♣#
.P♣..~~≈~~..PPP.#P#
PP♣P.......PPPP.PP#


PP♣PPP.PP♣.PPPP.@♣# PP♣PPPP♣PP.PPP..P.# PP#PP#PPPPPP##.PPP# P#P.P♣P#PPPPPP.#PP#
################### You could see an oklob plant.

Vanquished Creatures
  An ogre (D:3)
  4 adders
  A worm (D:2)
  4 dart slugs
  3 endoplasms
  4 giant cockroaches
  5 hobgoblins
  3 jackals (D:2)
  6 quokkas
  3 ball pythons
  2 bats
  7 frilled lizards
  12 goblins
  4 kobolds
  2 rats
61 creatures vanquished.

Notes
Turn   | Place    | Note
-------+----------+-------------------------------------------
     0 | D:1      | Adrian566 the Hill Orc Fighter began the quest for the Orb.
     0 | D:1      | Reached XP level 1. HP: 19/19 MP: 1/1
   238 | D:1      | Reached XP level 2. HP: 26/27 MP: 2/2
   823 | D:2      | Reached skill level 3 in Axes
   920 | D:2      | Reached XP level 3. HP: 33/33 MP: 3/3
  1368 | D:2      | Reached XP level 4. HP: 40/40 MP: 4/4
  1716 | D:3      | Reached skill level 4 in Axes
  1819 | D:3      | Found a radiant altar of Vehumet.
  1956 | D:3      | Found an iron altar of Okawaru.
  2189 | D:3      | Found a blossoming altar of Fedhas.
  2208 | D:3      | Noticed an oklob plant
  2268 | D:3      | Noticed an ogre
  2284 | D:3      | Killed an ogre
  2285 | D:3      | Reached skill level 5 in Axes
  2285 | D:3      | Reached XP level 5. HP: 12/47 MP: 5/5
  2509 | D:3      | Killed from afar by an oklob plant

Illustrated notes

Levels and vault maps discovered:
D:1:      scummos_arrival_simple_crosswalls, layout_loops_ring,
          minmay_stone_trees_small, serial_bayou_pond_c
D:2:      layout_loops_ring
D:3:      layout_basic, overflow_temple_1_default, tgw_fedhas,
          okawaru_ov_weapons_minmay, minmay_ogre_servants

Skill      XL: |  1  2  3  4 |
---------------+-------------+-----
Axes           | 3 5 |  5.4
Fighting       | 4 |  4.5
Armour         | 4 |  4.3
Dodging        | |  0.4
Stealth        | |  0.1
Shields        | |  3.7

Action                     |  1- 3 |  4- 6 || total
---------------------------+-------+-------++-------
  Melee: War axe           |   111 |    91 ||   202
    Use: Potion            |       |     1 ||     1
 Armour: Scale mail        |    36 |       ||    36
         Plate armour      |    20 |    49 ||    69
  Dodge: Dodged            |    46 |    26 ||    72
  Block: Buckler           |    30 |    19 ||    49
